 Dungeon Crawl Stone Soup version 0.25-a0-294-gea9b1ad (webtiles) character file.

Game seed: 12421216051773060360, levelgen mode: deterministic

1225 EonDragon20 the Transmogrifier (level 8, -5/54 HPs)
             Began as a Merfolk Transmuter on Dec 17, 2019.
             Shot with an arrow by a centaur (12 damage)
             ... on level 6 of the Dungeon.
             The game lasted 00:20:50 (6582 turns).

EonDragon20 the Transmogrifier (Merfolk Transmuter) Turns: 6582, Time: 00:20:51

Health: -5/54      AC:  3    Str: 10    XL:     8   Next: 47%
Magic:  15/15      EV: 13    Int: 14    God:
Gold:   173        SH:  0    Dex: 15    Spells: 1/16 levels left

rFire    . . .     SeeInvis .     - Unarmed
rCold    . . .     Gourm    .   (no shield)
rNeg     . . .     Faith    .   b - +1 robe
rPois    .         Spirit   .   (no helmet)
rElec    .         Reflect  .   (no cloak)
rCorr    .         Harm     .   (no gloves)
MR       .....                  (no boots)
Stlth    +.........             (no amulet)
HPRegen  0.18/turn              (no ring)
MPRegen  0.14/turn              (no ring)

@: no status effects
A: change form in water, swift swim, stealthy swim
a: no special abilities


You were on level 6 of the Dungeon.
You were not hungry.

You visited 1 branch of the dungeon, and saw 6 of its levels.
You also visited: Ossuary.

You collected 173 gold pieces.

Inventory:

Missiles
 a - 42 arrows
Armour
 b - a +1 robe (worn)
Jewellery
 v - an uncursed ring of positive energy {unknown}
Wands
 g - a wand of iceblast (25)
 h - a wand of polymorph (11)
 t - a wand of flame (17)
Scrolls
 i - 9 scrolls of identify
 m - 2 scrolls of remove curse
 n - a scroll of teleportation
 r - a scroll of random uselessness {unknown}
 s - a scroll of fog {unknown}
Potions
 c - 3 potions of cancellation
 e - a potion of mutation
 f - 4 potions of flight
 j - a potion of ambrosia
 k - a potion of might {unknown}
 l - a potion of degeneration {unknown}
 o - 2 potions of agility {unknown}
 p - 2 potions of curing {unknown}
 q - a potion of resistance {unknown}
Comestibles
 d - 11 rations
 u - a chunk of flesh


   Skills:
 - Level 1.1 Fighting
 - Level 2.6 Dodging
 + Level 6.2 Unarmed Combat
 + Level 4.9 Spellcasting
 * Level 9.5 Transmutations


You had one spell level left.
You knew the following spells:

 Your Spells              Type           Power        Failure   Level  Hunger
a - Beastly Appendage     Tmut           ####..       1%          1    None
b - Sticks to Snakes      Tmut           ####....     1%          2    ##.....
c - Spider Form           Tmut/Pois      ###.......   8%          3    ###....
d - Ice Form              Ice/Tmut       ###.....     24%         4    ####...
e - Blade Hands           Tmut           ####......   10%         5    ######.

Your spell library contained the following spells:

 Spells                   Type           Power        Failure   Level  Hunger


Dungeon Overview and Level Annotations

Branches:
Dungeon (6/15)            Ossuary (visited)
 Temple: D:4-7

Altars:
Ashenzari
Fedhas
Sif Muna
Trog
Uskayaw
Wu Jian
Xom
The Shining One


Message History

You bump into the rock wall.
The centaur shoots an arrow.
The arrow hits you!
* * * LOW HITPOINT WARNING * * *
You're too confused to move!
The centaur shoots an arrow.
The arrow hits you.
* * * LOW HITPOINT WARNING * * *
The centaur shoots an arrow.
The arrow hits you.
* * * LOW HITPOINT WARNING * * *
The centaur shoots an arrow.
The arrow hits you.
* * * LOW HITPOINT WARNING * * *
You see here 2 arrows.
You bump into the rock wall.
The centaur shoots an arrow.
The arrow closely misses you.
You feel less invigorated.
You feel less confused.
The centaur shoots an arrow.
The arrow hits you!
* * * LOW HITPOINT WARNING * * *
You see here an arrow.
The centaur shoots an arrow.
The arrow misses you.
The centaur shoots an arrow.
The arrow misses you.
The centaur shoots an arrow.
The arrow hits you!
You die...

##### #...# ### #...# #.#
###...###
#######.###.....@.##
.....##.##..#...#(.###
........)..##...##.((#####
#.......#.###...####.((c>#
##### #>.###....# #####
#####c###..... #.##
##.#....... #......... #.#
#.####...# ###(.$.... #.#
#.# #.. #............. #.#
#.# # ..#####.......


You could see a centaur.

Vanquished Creatures
  A phantom (D:4)
  2 ogres
  An elf zombie (Ossuary)
  A bullfrog (D:3)
  A howler monkey (D:5)
  2 crimson imps
  A bullfrog zombie (D:5)
  A jelly (D:6)
  A hound (D:4)
  4 orc wizards
  3 orc priests
  Ijyb (D:3)
  A hound skeleton (D:4)
  3 mummies (Ossuary)
  Robin (D:4)
  8 gnolls
  11 adders
  2 shadow imps
  An ooze (D:1)
  An adder skeleton (D:5)
  An adder zombie (D:6)
  3 worms
  A dart slug (D:1)
  3 leopard geckos
  13 orcs
  2 ball pythons
  3 giant cockroaches
  14 goblins
  10 hobgoblins
  24 jackals
  4 quokkas
  3 bats
  7 frilled lizards
  2 goblin zombies (Ossuary)
  2 hobgoblin zombies (Ossuary)
  7 kobolds
  2 kobold zombies (Ossuary)
  2 leopard gecko skeletons
  A quokka skeleton (D:6)
  2 quokka zombies (D:6)
  8 rats
161 creatures vanquished.

Notes
Turn   | Place    | Note
-------+----------+-------------------------------------------
     0 | D:1      | EonDragon20 the Merfolk Transmuter began the quest for the
                  | Orb.
     0 | D:1      | Reached XP level 1. HP: 15/15 MP: 3/3
   281 | D:1      | Reached skill level 3 in Transmutations
   390 | D:1      | Reached XP level 2. HP: 13/21 MP: 5/5
   398 | D:1      | Learned a level 2 spell: Sticks to Snakes
  1057 | D:2      | Reached XP level 3. HP: 20/26 MP: 4/6
  1132 | D:2      | Learned a level 3 spell: Spider Form
  1243 | D:2      | Reached skill level 4 in Transmutations
  1397 | D:2      | Reached XP level 4. HP: 27/32 MP: 0/7
  1821 | D:2      | Reached skill level 5 in Transmutations
  2125 | D:2      | Reached XP level 5. HP: 33/37 MP: 0/9
  2445 | D:2      | Learned a level 4 spell: Ice Form
  2606 | D:3      | Noticed an ice beast
  2645 | D:3      | Noticed Ijyb
  2659 | D:3      | Killed Ijyb
  2668 | D:3      | Reached skill level 6 in Transmutations
  2668 | D:3      | Reached XP level 6. HP: 16/43 MP: 7/11
  3644 | D:4      | Noticed Robin
  3770 | D:4      | Found a shattered altar of Ashenzari.
  3788 | D:4      | Killed Robin
  3791 | D:4      | Reached skill level 7 in Transmutations
  3864 | D:4      | Reached skill level 5 in Unarmed Combat
  3864 | D:4      | Reached XP level 7. HP: 29/48 MP: 2/12
  4315 | D:4      | Found a blossoming altar of Fedhas.
  4392 | D:4      | Found a glowing golden altar of the Shining One.
  4578 | D:5      | Entered Level 5 of the Dungeon
  4685 | D:5      | Found a sand-covered staircase.
  4690 | Ossuary  | Entered an ossuary
  4690 | Ossuary  | Noticed a wraith
  4690 | Ossuary  | Noticed a wraith
  4690 | Ossuary  | Noticed a wraith
  4737 | Ossuary  | Reached skill level 8 in Transmutations
  5138 | Ossuary  | Noticed a wraith
  5434 | D:5      | Reached XP level 8. HP: 54/54 MP: 12/14
  5606 | D:5      | Learned a level 5 spell: Blade Hands
  5743 | D:5      | Found a shimmering blue altar of Sif Muna.
  6249 | D:6      | Reached skill level 9 in Transmutations
  6310 | D:6      | Noticed a wraith
  6424 | D:6      | Found a bloodstained altar of Trog.
  6424 | D:6      | Found an ornate altar of the Wu Jian Council.
  6424 | D:6      | Found a hide-covered altar of Uskayaw.
  6424 | D:6      | Found a shimmering altar of Xom.
  6582 | D:6      | Shot with an arrow by a centaur

Levels and vault maps discovered:
D:1:      lemuel_arrival_lava_pool, layout_loops_corners
D:2:      layout_loops_ring, palyth_stone_intersect
D:3:      layout_loops_ring, first_ration, uniq_ijyb
D:4:      layout_basic, tso_oasis_becter, fedhas_altar_2, lemuel_doored_altar,
          uniq_robin
D:5:      layout_basic, basic_altar, enter_ossuary_5, due_unseen_surprise
D:6:      layout_rooms, chequers_temple_overflow_statue_of_worship

Skill      XL: |  1  2  3  4  5  6  7  8 |
---------------+-------------------------+-----
Transmutations | 3 4 5 6 7 8 9 |  9.5
Unarmed Combat | 4 5 6 |  6.2
Spellcasting   | 3 4 |  4.9
Fighting       | |  1.1
Dodging        | |  2.6

Action                   |  1- 3 |  4- 6 |  7- 9 || total
-------------------------+-------+-------+-------++-------
Melee: Unarmed           |    86 |   225 |   192 ||   503
       Headbutt          |       |     1 |       ||     1
       Punch             |       |     2 |     1 ||     3
 Cast: Beastly Appendage |     5 |     4 |       ||     9
       Spider Form       |     4 |    21 |    13 ||    38
       Ice Form          |       |       |     3 ||     3
       Blade Hands       |       |       |     8 ||     8
  Use: Scroll            |     1 |     4 |     5 ||    10
       Potion            |       |     2 |     6 ||     8
 Stab: Sleeping          |     3 |     2 |       ||     5
  Eat: Chunk             |     2 |     8 |     8 ||    18
       Ration            |       |     1 |     2 ||     3
Armor: Robe              |    11 |    16 |     9 ||    36
       Skin              |       |     5 |     8 ||    13
Dodge: Dodged            |    46 |   203 |   142 ||   391

Table legend:
 A = Non-vault XP
 B = Vault XP
 C = Vault XP percentage of total XP
 D = Non-vault monster count
 E = Vault monster count
 F = Vault count percentage of total count
                 A         B        C        D         E       F
            +---------+---------+-------+---------+---------+-------
      Total |    1519 |     232 |  13.2 |     138 |      23 |  14.3
            +---------+---------+-------+---------+---------+-------
        D:1 |      31 |       0 |   0.0 |      16 |       0 |   0.0
        D:2 |     176 |       0 |   0.0 |      31 |       0 |   0.0
        D:3 |     256 |      35 |  12.0 |      33 |       1 |   2.9
        D:4 |     355 |      38 |   9.7 |      26 |      12 |  31.6
        D:5 |     352 |       0 |   0.0 |      15 |       0 |   0.0
        D:6 |     349 |       0 |   0.0 |      17 |       0 |   0.0
    Ossuary |       0 |     159 | 100.0 |       0 |      10 | 100.0
            +---------+---------+-------+---------+---------+-------
